 Dungeon Crawl Stone Soup version 0.31-a0-691-g409c26aa35 (webtiles) character file.

Game seed: 1333468005573547869

116 qw the Shooter (level 5, -5/32 HPs)
             Began as a Gargoyle Hunter on Sept 6, 2023.
             Slain by a gnoll
             ... wielding a +0 flail
              (9 damage)
             ... on level 3 of the Dungeon.
             The game lasted 00:00:41 (1955 turns).

qw the Shooter (Gargoyle Hunter)                    Turns: 1955, Time: 00:00:41

Health: -5/32      AC:  8    Str: 15    XL:     5   Next: 0%
Magic:  5/5        EV: 11    Int:  9    God:
Gold:   185        SH:  0    Dex: 15    Spells: 4/4 levels left

rFire   . . .        Y - +0 shortbow
rCold   . . .        (shield currently unavailable)
rNeg    + . .        c - +0 leather armour
rPois   inf          (no helmet)
rElec   +            (no cloak)
rCorr   .            e - +0 pair of gloves
SInv    .            (no boots)
Will    .....        (no amulet)
Stlth   ++           (no ring)
HPRegen 0.25/turn    (no ring)
MPRegen 0.09/turn

%: no passive effects
@: no status effects
A: sickness immunity, AC +4, negative energy resistance 1, electricity
resistance, torment resistance 1, petrification resistance
a: no special abilities


You were on level 3 of the Dungeon.
You visited 1 branch of the dungeon, and saw 4 of its levels.

You collected 185 gold pieces.


Innate Abilities, Weirdness & Mutations

You are immune to sickness and miasma.
Your stone body is resilient. (AC +4)
You are immune to poison.
You resist negative energy. (rN+)
You are resistant to electric shocks. (rElec)
You are resistant to unholy torment.
You are immune to petrification.


   Skills:
 - Level 3.2 Fighting
 + Level 5.7 Ranged Weapons
 - Level 1.5 Dodging
 - Level 1.1 Stealth


You had 4 spell levels left.
You didn't know any spells.
Your spell library was empty.

Inventory:

Hand Weapons
 Y - a +0 shortbow (weapon)
Armour
 c - a +0 leather armour (worn)
 e - a +0 pair of gloves (worn)
Potions
 a - a potion of curing {unknown}
 b - a potion of might
 d - a potion of ambrosia {unknown}
 g - a potion of heal wounds {unknown}
 i - a potion of berserk rage {unknown}

Dungeon Overview and Level Annotations

Branches:
Dungeon (4/15)
 Temple: D:4-7

Altars:
Elyvilon


Message History

Done exploring.
What level of the Dungeon? (default 4, ? - help)
You climb downwards.
You hear the hiss of flowing sand.
There is an entrance to an ossuary on this level.
Hurry and find it before the portal is buried!
The gnoll shouts!
The gnoll throws a throwing net.
The throwing net hits you.
You become entangled in the net!
The gnoll hits you but does no damage.
There is a stone staircase leading up here.
You see here a throwing net.
You tear a large gash into the net.
The gnoll hits you but does no damage.
You shred the net and break free! The gnoll hits you with a +0 flail.
1948 ||| STAIRDANCE The gnoll throws a throwing net.
The throwing net hits you.
You become entangled in the net!
You stop ascending the stairs.
The gnoll hits you with a +0 flail.
You struggle against the net.
You hear the slow hiss of a very distant avalanche of sand.
A gnoll comes into view. It is wielding a +0 spear.
You struggle against the net.
The gnoll closely misses you. The gnoll hits you with a +0 flail.
You rip the net and break free!
The gnoll shouts!
The gnoll barely misses you. The gnoll hits you but does no damage.
The gnoll hits you with a +0 flail.
1952 ||| STAIRDANCE The gnoll misses you.
The gnoll hits you with a +0 flail. The gnoll barely misses you.
You climb upwards.
There is a stone staircase leading down here.
You shoot an arrow. The arrow hits the gnoll!
The gnoll is heavily wounded.
The gnoll closely misses you. The gnoll hits you with a +0 flail!
The gnoll hits you with a +0 flail.
You shoot an arrow. The arrow hits the gnoll.
The gnoll is heavily wounded.
The gnoll hits you with a +0 flail!
You die...

##.##...............#
......####.######.#.#
##.........# #.#.#
############ #.#<# #
#.#.# #### #.#.# ...#
#.#.# ##.#########
###.#.# ...........#
#.@g..# ##.#######.#
#g#g###
#.#######.####.#.#
#................#
####.##..........#
#.##.#.##...#.#
#.##.#.##...#.#
#.##.#.##.....#
#......###..###


You could see 3 gnolls.

Vanquished Creatures
  An iguana (D:3)
  A gnoll (D:1)
  2 adders
  A dart slug (D:2)
  5 bats
  5 endoplasms
  2 giant cockroaches
  9 goblins
  3 hobgoblins (D:1)
  5 jackals
  3 quokkas
  7 ball pythons
  8 frilled lizards
  2 kobolds
  3 rats
57 creatures vanquished.

Vanquished Creatures (others)
  A quokka (D:3)
  A rat (D:3)
2 creatures vanquished.

Grand Total: 59 creatures vanquished

Notes
Turn   | Place    | Note
-------+----------+-------------------------------------------
     0 | D:1      | qw the Gargoyle Hunter began the quest for the Orb.
     0 | D:1      | Reached XP level 1. HP: 12/12 MP: 1/1
     0 | D:1      | 0 ||| qw: Version: 0.3-a-76-g4403597
     0 | D:1      | 0 ||| qw: Game counter: 214
     0 | D:1      | 0 ||| qw: Melee chars always use a shield: true
     0 | D:1      | 0 ||| qw: God list: Okawaru
     0 | D:1      | 0 ||| qw: Allow faded altars: false
     0 | D:1      | 0 ||| qw: Do Orc after clearing Dungeon:15 true
     0 | D:1      | 0 ||| qw: Do second Lair branch before Depths: true
     0 | D:1      | 0 ||| qw: Lair rune preference: random
     0 | D:1      | 0 ||| qw: Goals: Normal
     0 | D:1      | 0 ||| PLANNING D:1-11
   121 | D:1      | Reached XP level 2. HP: 17/17 MP: 2/2
   290 | D:1      | Reached XP level 3. HP: 21/21 MP: 3/3
   340 | D:1      | Reached skill level 5 in Ranged Weapons
   614 | D:1      | 614 ||| DROPPING ring of flight.
   615 | D:1      | 615 ||| READING 3 scrolls labelled SAGOTU ATWUCS.
   616 | D:1      | 616 ||| READING scroll labelled NIADAU TOITTI.
   617 | D:1      | 617 ||| READING scroll labelled JUUNOLARISEF.
   620 | D:1      | 620 ||| DROPPING 2 scrolls of immolation.
   621 | D:1      | 621 ||| DROPPING scroll of butterflies.
   838 | D:2      | Reached skill level 3 in Fighting
   839 | D:2      | Reached XP level 4. HP: 28/28 MP: 4/4
  1256 | D:2      | 1256 ||| UPGRADING to +0 pair of gloves.
  1359 | D:3      | Found a white marble altar of Elyvilon.
  1865 | D:3      | 1865 ||| READING scroll labelled QOIROT ZONIO.
  1866 | D:3      | 1866 ||| READING scroll labelled HUGRAE ULOCW.
  1867 | D:3      | 1867 ||| DRINKING 2 cyan potions.
  1903 | D:4      | 1903 ||| PLANNING OSSUARY
  1908 | D:4      | 1908 ||| STAIRDANCE
  1914 | D:3      | Reached XP level 5. HP: 24/32 MP: 5/5
  1948 | D:4      | 1948 ||| STAIRDANCE
  1952 | D:4      | 1952 ||| STAIRDANCE
  1954 | D:3      | HP: 4/32 [gnoll/+0 flail (5)]
  1955 | D:3      | Slain by a gnoll

Levels and vault maps discovered:
D:1:      nagdon_arrival_double_spiral, layout_loops_ring, minmay_lizard_pond
D:2:      layout_loops_ring
D:3:      layout_loops_ring, elyvilon_altar_4
D:4:      layout_layer_cave, enter_ossuary_2, grunt_ministairs_8

Skill      XL: |  1  2  3 |
---------------+----------+-----
Ranged Weapons | 5 |  5.7
Fighting       | 3 |  3.2
Dodging        | |  1.5
Stealth        | |  1.1

Action                     |  1- 3 |  4- 6 || total
---------------------------+-------+-------++-------
   Fire: Shortbow          |    78 |    71 ||   149
    Use: Scroll            |     3 |     2 ||     5
         Potion            |       |     1 ||     1
 Armour: Leather armour    |    10 |    33 ||    43
  Dodge: Dodged            |    14 |    22 ||    36

Table legend:
 A = Non-vault XP
 B = Vault XP
 C = Vault XP percentage of total XP
 D = Non-vault monster count
 E = Vault monster count
 F = Vault count percentage of total count
                 A         B        C        D         E       F
            +---------+---------+-------+---------+---------+-------
      Total |     160 |       6 |   3.6 |      51 |       6 |  10.5
            +---------+---------+-------+---------+---------+-------
        D:1 |      42 |       6 |  12.5 |      17 |       6 |  26.1
        D:2 |      40 |       0 |   0.0 |      15 |       0 |   0.0
        D:3 |      78 |       0 |   0.0 |      19 |       0 |   0.0
            +---------+---------+-------+---------+---------+-------
